 Dungeon Crawl Stone Soup version 0.20.1-1-g8b1a95d (webtiles) character file.

52888 Monsterracer the Destroyer (level 14, -8/118 HPs)
             Began as a Purple Draconian Wizard on Aug 12, 2017.
             Was a High Priest of Vehumet.
             Mangled by Monsterracer's ghost (11 damage)
             ... on level 4 of the Lair of Beasts.
             The game lasted 01:29:12 (22538 turns).

Monsterracer the Destroyer (DrWz)                  Turns: 22538, Time: 01:29:13

Health: -8/118     AC: 15    Str: 10    XL:     14   Next: 28%
Magic:  22/28      EV: 16    Int: 21    God:    Vehumet [*****.]
Gold:   945        SH:  0    Dex: 11    Spells: 1/34 levels left

rFire    + + .     SeeInvis +   b - +2 trident (protect)
rCold    x x .     Gourm    .   (no shield)
rNeg     . . .     Faith    .   (armour unavailable)
rPois    +         Spirit   .   v - +0 hat
rElec    +         Reflect  .   E - +1 cloak
rCorr    +         Harm     .   V - +2 pair of gloves of Wariness {*Contam rPois MR++ rCorr}
MR       +++++     Clarity  +   l - +1 pair of boots
Stlth    +.........             s - amulet of regeneration
Regen    0.7/turn               y - ring of fire
MPRegen  0.3/turn               G - ring "Fichux" {Fire rElec rPois Int-3 SInv}

@: confused, short of breath, berserk cooldown, slowed, very slow
A: breathe power, unfitting armour, talons 1, clarity, clever 1, magic
resistance 1, cold-blooded, AC +8
a: Breathe Dispelling Energy, Renounce Religion


You were on level 4 of the Lair of Beasts.
You worshipped Vehumet.
Vehumet was extremely pleased with you.
You were very hungry.

You visited 3 branches of the dungeon, and saw 16 of its levels.
You also visited: Ossuary and Ice Cave.

You collected 990 gold pieces.
You spent 45 gold pieces at shops.

Inventory:

Hand Weapons
 b - a +2 trident of protection (weapon)
Missiles
 w - a throwing net (quivered)
Armour
 l - a +1 pair of boots (worn)
 v - a +0 hat (worn)
 E - a +1 cloak (worn)
 V - the +2 pair of gloves of Wariness (worn) {*Contam rPois MR++ rCorr}
   (You acquired it in an ice cave)

   It protects you from poison.
   It affects your resistance to hostile enchantments.
   It causes magical contamination when unequipped.
   It protects you from acid and corrosion.
Magical Staves
 a - an uncursed staff of fire
Jewellery
 s - an amulet of regeneration (around neck)
 y - a ring of fire (left hand)
 G - the ring "Fichux" (right hand) {Fire rElec rPois Int-3 SInv}
   (You found it in an ice cave)

   [ring of fire]

   It enhances your fire magic.
   It affects your intelligence (-3).
   It protects you from fire.
   It makes you vulnerable to cold.
   It insulates you from electricity.
   It protects you from poison.
   It lets you see invisible.
 K - an uncursed ring of protection from fire
 X - an uncursed ring of ice
Wands
 t - a wand of digging (10/24)
 x - a wand of clouds (3/9)
 z - a wand of acid (6/15)
 I - a wand of acid (2/15)
 P - a wand of digging (18/24)
 S - a wand of acid (2/15)
 T - a wand of digging (8/24)
Scrolls
 g - 6 scrolls of remove curse
 r - 2 scrolls of fear
 u - 7 scrolls of teleportation
 B - a scroll of amnesia
 J - 5 scrolls of magic mapping
 L - 2 scrolls of recharging
 R - a scroll of blinking
Potions
 d - 2 potions of might
 e - a potion of magic
 f - 4 potions of haste
 j - 3 potions of agility
 m - a potion of ambrosia
 n - 2 potions of brilliance
 o - 5 potions of flight
 A - 6 potions of mutation
 C - a potion of cancellation
 D - 4 potions of heal wounds
 F - 2 potions of lignification
 H - 11 potions of curing
 M - a potion of invisibility
Books
 N - a book of the Warp

   Spells                             Type                      Level
   a - Gell's Gravitas                Translocation                3
   b - Portal Projectile              Hexes/Translocation          3
   c - Force Lance                    Conjuration/Translocation    4
   d - Dispersal                      Translocation                6
   e - Controlled Blink               Translocation                8
   f - Disjunction                    Translocation                8
 Q - a book of Fire

   Spells                             Type                      Level
   a - Ignite Poison                  Fire/Transmutation/Poison    3
   b - Fireball                       Conjuration/Fire             5
   c - Bolt of Fire                   Conjuration/Fire             6
   d - Ring of Flames                 Charms/Fire                  7
   e - Ignition                       Fire                         8
Comestibles
 c - 11 bread rations
 k - 14 fruits
 p - 6 meat rations
 q - 8 royal jellies


   Skills:
 + Level 9.3 Fighting
   Level 2.9(5.1) Maces & Flails
 - Level 8.0(9.1) Polearms
 + Level 6.5(8.6) Staves
 + Level 7.9 Dodging
 - Level 1.7 Stealth
 + Level 10.9 Spellcasting
 * Level 13.3 Conjurations
   Level 1.0 Summonings
 - Level 1.0 Translocations
 * Level 10.7 Fire Magic
 + Level 2.2 Evocations


You had one spell level left.
You knew the following spells:

 Your Spells              Type           Power        Failure   Level  Hunger
a - Flame Tongue          Conj/Fire      #####        1%          1    None
b - Conjure Flame         Conj/Fire      #######.     1%          3    None
c - Sticky Flame          Conj/Fire      #######.     1%          4    #......
d - Fireball              Conj/Fire      #######...   1%          5    ####...
e - Blink                 Tloc           N/A          6%          2    None
f - Bolt of Fire          Conj/Fire      #######...   1%          6    ######.
g - Magic Dart            Conj           ####         1%          1    None
h - Mephitic Cloud        Conj/Pois/Air  ####....     1%          3    None
i - Searing Ray           Conj           ######       1%          2    None
j - Iron Shot             Conj/Erth      #####.....   16%         6    ######.


Dungeon Overview and Level Annotations

Branches:
Dungeon (11/15)            Temple (1/1) D:4            Lair (4/6) D:11
  Swamp (0/4) Lair:3       Spider (0/4) Lair:2
    Orc: D:9-12

Altars:
Ashenzari
Cheibriados
Dithmenos
Elyvilon
Fedhas
Gozag
Hepliaklqana
Kikubaaqudgha
Makhleb
Nemelex Xobeh
Okawaru
Qazlal
Ru
Sif Muna
Trog
Uskayaw
Vehumet
Xom
Yredelemnul
Zin
The Shining One
Beogh

Shops:
D:6 *

Annotations:
Lair:4 Monsterracer's ghost, journeyman MfTm


Innate Abilities, Weirdness & Mutations

You can breathe bolts of dispelling energy.
Your rich purple scales are hard. (AC +8)
You cannot fit into any form of body armour.
You are cold-blooded and may be slowed by cold attacks.
You have sharp toenails.
You possess an exceptional clarity of mind.
Your mind is acute. (Int +2)
You are resistant to hostile enchantments. (MR+)


Message History

Evoke which item? (* to show all) (? for menu, Esc to quit)
Aiming: Corrosive Bolt (will waste charges)
Press: ? - help, Shift-Dir - straight line, f/p - Monsterracer's ghost
Aim: Monsterracer's ghost (almost destroyed, covering ground quickly)
Okay, then.
Press: ? - help, v - describe, . - travel
Here: Monsterracer's ghost (almost destroyed, covering ground quickly)
The floor.
You are confused.
You feel invigorated. Monsterracer's ghost hits you!
* * * LOW HITPOINT WARNING * * *
Monsterracer's ghost hits you but does no damage.
Damage: -1%(-1hp) hp: 9%(10hp) Unknown command.
Monsterracer's ghost hits you.
* * * LOW HITPOINT WARNING * * *
You bump into the rock wall.
Monsterracer's ghost hits you!!
* * * LOW HITPOINT WARNING * * *
Monsterracer's ghost hits you!
You die...

# #...#
##..##
#P..#
###
##..###
#.#
#...#.#
.##
##...#
..##
##.##
...#
###.#
...#
#@W.#
####
##..#
####


You could see Monsterracer's ghost.

Vanquished Creatures
  A frost giant (IceCv)
  Nessos (Lair:4)
  Snorg (Lair:3)
  The ghost of Thaneod the Blocker, a journeyman MiBe of Trog (D:11)
  The ghost of TheGuigne the Cleaver, a journeyman HOFi of Beogh (D:10)
  Erica (D:10)
  A catoblepas (Lair:3)
  5 hydras
  2 two-headed ogres (D:11)
  Urug (Lair:2)
  Sonja (Lair:3)
  Pikel (D:4)
  An ugly thing (D:11)
  Maurice (D:8)
  An oklob plant (Lair:2)
  An elephant (Lair:2)
  Joseph (D:8)
  7 black mambas
  An ice statue (IceCv)
  8 spiny frogs
  A gargoyle (D:11)
  A torpor snail (Lair:3)
  4 centaur skeletons
  A kobold demonologist (D:11)
  6 komodo dragons
  2 freezing wraiths (D:11)
  4 rime drakes
  A queen bee (Lair:2)
  2 trolls
  Grinder (D:4)
  A blink frog (Lair:2)
  A hornet (D:8)
  15 polar bears (IceCv)
  5 slime creatures (D:11)
  4 dream sheep (Lair:4)
  6 hippogriffs
  A vampire (D:10)
  A spriggan (D:7)
  2 wyverns (Lair:2)
  35 yaks
  2 steam dragons (Lair:2)
  The ghost of bli the Skirmisher, an amateur FoAK of Lugonu (D:4)
  5 basilisks (Lair:2)
  2 hungry ghosts
  4 water moccasins
  5 porcupines
  Duvessa (D:4)
  A swamp drake (Lair:3)
  13 ice beasts
  2 sky beasts
  6 orc warriors
  A phantom (D:4)
  4 slaves
  A hornet zombie (D:9)
  9 ogres
  5 centaurs
  54 wolves
  11 crocodiles
  2 big kobolds (D:11)
  Blork the orc (D:4)
  14 bullfrogs
  Dowan (D:4)
  3 scorpions (D:11)
  A water moccasin skeleton (D:10)
  34 killer bees
  5 centaur zombies
  11 crimson imps
  3 quasits
  3 bullfrog skeletons
  6 hounds
  3 jellies
  4 orc priests
  10 orc wizards
  6 iguanas
  11 worker ants
  A killer bee zombie (D:7)
  2 hound skeletons (D:4)
  7 mummies
  3 worker ant zombies
  3 gnolls (D:2)
  A howler monkey skeleton (D:11)
  9 adders
  A shadow imp (D:9)
  An ooze (D:3)
  5 worms
  3 dart slugs
  11 leopard geckos
  57 orcs
  6 bats
  3 giant cockroaches
  2 gnoll zombies (Ossuary)
  4 goblins
  9 hobgoblins
  20 jackals
  3 quokkas
  A ball python (D:3)
  A ball python skeleton (D:4)
  8 frilled lizards
  3 goblin zombies
  17 kobolds
  3 kobold zombies
  A leopard gecko skeleton (D:9)
  An orc zombie (Ossuary)
  5 rats
  A fungus (Lair:2)
  A plant (Lair:2)
570 creatures vanquished.

Vanquished Creatures (collateral kills)
  A killer bee (D:11)
1 creature vanquished.

Vanquished Creatures (others)
  3 polar bears (IceCv)
  2 yaks
  11 fungi
  9 plants
25 creatures vanquished.

Grand Total: 596 creatures vanquished

Notes
Turn   | Place    | Note
-------+----------+-------------------------------------------
     0 | D:1      | Monsterracer the Draconian Wizard began the quest for the Orb.
     0 | D:1      | Reached XP level 1. HP: 14/14 MP: 4/4
   237 | D:1      | Reached skill level 2 in Conjurations
   281 | D:1      | Reached XP level 2. HP: 20/20 MP: 3/6
   343 | D:1      | Learned a level 2 spell: Blink
  1130 | D:1      | Reached skill level 3 in Conjurations
  1130 | D:1      | Reached XP level 3. HP: 26/26 MP: 2/7
  1135 | D:1      | Learned a level 3 spell: Conjure Flame
  1400 | D:2      | HP: 13/26 [poisoned by an adder]
  1408 | D:2      | HP: 12/26 [poisoned by an adder]
  1814 | D:2      | Reached XP level 4. HP: 33/33 MP: 5/8
  1819 | D:2      | Learned a level 3 spell: Mephitic Cloud
  1969 | D:2      | Reached skill level 4 in Conjurations
  2736 | D:3      | Reached XP level 5. HP: 38/38 MP: 7/9
  2748 | D:3      | Found a sacrificial altar of Ru.
  2750 | D:3      | Found a sparkling altar of Nemelex Xobeh.
  3122 | D:4      | Noticed a slave
  3123 | D:4      | Noticed Pikel
  3123 | D:4      | Noticed a slave
  3129 | D:4      | Noticed a slave
  3150 | D:3      | Killed a slave
  3188 | D:3      | HP: 19/38 [slave[Pikel] (6)]
  3243 | D:3      | Killed a slave
  3254 | D:3      | HP: 18/38 [slave[Pikel] (9)]
  3262 | D:3      | HP: 17/38 [cloud of noxious fumes (2)]
  3272 | D:3      | HP: 8/38 [slave[Pikel] (8)]
  3325 | D:3      | HP: 8/38 [slave[Pikel] (6)]
  3331 | D:3      | Killed a slave
  3577 | D:4      | Noticed a slave
  3586 | D:4      | Reached skill level 5 in Conjurations
  3590 | D:4      | Killed a slave
  3632 | D:4      | HP: 17/38 [Pikel/whip of freezing (3)]
  3757 | D:4      | Killed Pikel
  3757 | D:4      | Reached skill level 6 in Conjurations
  3757 | D:4      | Reached XP level 6. HP: 32/45 MP: 0/12
  3757 | D:4      | Your scales start taking on a rich purple colour.
  3757 | D:4      | Reached skill level 5 in Spellcasting
  3757 | D:4      | Reached XP level 7. HP: 35/50 MP: 0/15
  3832 | D:4      | Noticed Duvessa
  3839 | D:4      | Noticed Dowan
  4026 | D:3      | Reached skill level 7 in Conjurations
  4097 | D:4      | Noticed bli's ghost (amateur FoAK)
  4121 | D:4      | Killed bli's ghost
  4153 | D:4      | HP: 24/51 [phantom (4)]
  4158 | D:4      | HP: 24/51 [phantom (1)]
  4167 | D:4      | Reached skill level 1 in Fighting
  4167 | D:4      | Reached skill level 1 in Maces & Flails
  4384 | D:4      | HP: 19/52 [orc priest/divine providence (11)]
  4811 | D:4      | HP: 24/52 [orc priest/trident (9)]
  4966 | D:4      | Noticed Grinder
  4977 | D:4      | Paralysed by Grinder for 5 turns
  4988 | D:4      | Killed Grinder
  4988 | D:4      | Reached XP level 8. HP: 61/61 MP: 2/17
  5130 | D:4      | Found a blossoming altar of Fedhas.
  5188 | D:4      | Found a staircase to the Ecumenical Temple.
  5205 | Temple   | Entered the Ecumenical Temple
  5290 | Temple   | Became a worshipper of Vehumet
  5444 | D:4      | Noticed Blork the orc
  5460 | D:4      | Killed Blork the orc
  5460 | D:4      | Reached skill level 8 in Conjurations
  5805 | D:4      | Killed Duvessa
  5809 | D:4      | Killed Dowan
  6289 | D:5      | Entered Level 5 of the Dungeon
  6391 | D:5      | Reached skill level 1 in Polearms
  6581 | D:5      | Reached * piety under Vehumet
  6581 | D:5      | Offered knowledge of Flame Tongue by Vehumet.
  6590 | D:5      | Learned a level 1 spell: Flame Tongue
  6824 | D:5      | Reached XP level 9. HP: 70/70 MP: 14/19
  6866 | D:5      | Reached skill level 1 in Fire Magic
  6894 | D:5      | Gained mutation: You are frail. (-10% HP) [mutagenic meat]
  6895 | D:5      | Gained mutation: You are resistant to hostile enchantments. (MR+) [mutagenic meat]
  6896 | D:5      | Gained mutation: You have a pair of small antennae on your head. [mutagenic meat]
  6897 | D:5      | Gained mutation: You have sharp toenails. [mutagenic meat]
  6898 | D:5      | Lost mutation: You have a pair of small antennae on your head. [potion of mutation]
  6898 | D:5      | Lost mutation: You are frail. (-10% HP) [potion of mutation]
  6898 | D:5      | Gained mutation: You possess an exceptional clarity of mind. [potion of mutation]
  6898 | D:5      | Gained mutation: Your mind is acute. (Int +2) [potion of mutation]
  7366 | D:6      | Found Zaolyk's Assorted Antiques.
  7374 | D:6      | Bought a scroll labeled TOBEUB EHEOB for 24 gold pieces
  7374 | D:6      | Bought a bubbling green potion for 21 gold pieces
  8619 | D:7      | Found a sand-covered staircase.
  8654 | Ossuary  | Entered an ossuary
  9315 | D:7      | Reached ** piety under Vehumet
  9858 | D:7      | Offered knowledge of Searing Ray by Vehumet.
  9862 | D:7      | Learned a level 2 spell: Searing Ray
 10010 | D:7      | Reached skill level 9 in Conjurations
 10146 | D:8      | Found a hide-covered altar of Uskayaw.
 10226 | D:8      | Noticed Joseph
 10278 | D:8      | Killed Joseph
 10438 | D:8      | Reached XP level 10. HP: 72/80 MP: 16/21
 10566 | D:8      | Noticed Maurice
 10705 | D:8      | Killed Maurice
 10705 | D:8      | Reached skill level 5 in Polearms
 10744 | D:8      | Offered knowledge of Throw Flame by Vehumet.
 10780 | D:8      | Reached *** piety under Vehumet
 10800 | D:8      | Found a roughly hewn altar of Beogh.
 11026 | D:8      | Paralysed by a hornet for 3 turns
 11873 | D:9      | Reached skill level 5 in Fighting
 11948 | D:9      | Reached skill level 5 in Fire Magic
 12035 | D:9      | Offered knowledge of Sticky Flame by Vehumet.
 12041 | D:9      | Learned a level 4 spell: Sticky Flame
 12666 | D:10     | Entered Level 10 of the Dungeon
 12884 | D:10     | Noticed Erica
 12900 | D:10     | Killed Erica
 12900 | D:10     | Reached skill level 5 in Dodging
 13023 | D:10     | Reached skill level 10 in Conjurations
 13121 | D:10     | Reached XP level 11. HP: 88/88 MP: 14/23
 13317 | D:10     | Noticed TheGuigne's ghost (journeyman HOFi)
 13329 | D:10     | HP: 40/89 [TheGuigne's ghost (5)]
 13334 | D:10     | HP: 27/89 [TheGuigne's ghost (14)]
 13337 | D:10     | Killed TheGuigne's ghost
 13943 | D:11     | Reached **** piety under Vehumet
 13979 | D:11     | Noticed a purple ugly thing
 13987 | D:11     | Killed a purple ugly thing
 13987 | D:11     | Offered knowledge of Yara's Violent Unravelling by Vehumet.
 14190 | D:11     | Noticed a two-headed ogre
 14250 | D:11     | HP: 39/89 [two-headed ogre/giant club (14)]
 14252 | D:11     | HP: 8/89 [two-headed ogre/giant club (12)]
 14254 | D:11     | Killed a two-headed ogre
 14259 | D:11     | HP: 8/91 [crimson imp (2)]
 14273 | D:11     | HP: 8/91 [hungry ghost (3)]
 14275 | D:11     | Noticed a two-headed ogre
 14311 | D:11     | Killed a two-headed ogre
 14827 | D:11     | Noticed Thaneod's ghost (journeyman MiBe)
 14882 | D:11     | HP: 43/91 [killer bee (6)]
 14890 | D:10     | HP: 45/91 [poisoned by a killer bee]
 15047 | D:11     | HP: 44/91 [Thaneod's ghost (9)]
 15053 | D:11     | HP: 37/91 [Thaneod's ghost (11)]
 15058 | D:11     | HP: 36/91 [Thaneod's ghost (3)]
 15061 | D:11     | Killed Thaneod's ghost
 15255 | D:11     | Reached ***** piety under Vehumet
 15255 | D:11     | Reached skill level 11 in Conjurations
 15255 | D:11     | Reached XP level 12. HP: 80/97 MP: 15/25
 15391 | D:11     | Noticed an eight-headed hydra
 15403 | D:11     | Killed an eight-headed hydra
 15498 | D:11     | Offered knowledge of Lightning Bolt by Vehumet.
 15652 | D:11     | Found a staircase to the Lair.
 15862 | D:11     | Learned a level 5 spell: Fireball
 16039 | Lair:1   | Entered Level 1 of the Lair of Beasts
 16065 | Lair:1   | HP: 41/100 [wolf (10)]
 16070 | Lair:1   | HP: 34/100 [wolf (3)]
 16075 | D:11     | HP: 35/100 [wolf (3)]
 16077 | D:11     | HP: 13/100 [shot self (18)]
 16201 | Lair:1   | Reached skill level 1 in Staves
 16235 | Lair:1   | Noticed an eight-headed hydra
 16314 | Lair:1   | HP: 48/100 [eight-headed hydra (14)]
 16328 | D:11     | Killed an eight-headed hydra
 16876 | Lair:1   | Noticed a five-headed hydra
 16878 | Lair:1   | Killed a five-headed hydra
 17622 | Lair:2   | Noticed Urug
 17625 | Lair:2   | Killed Urug
 17823 | Lair:2   | Learned a level 6 spell: Bolt of Fire
 18078 | Lair:2   | Reached skill level 12 in Conjurations
 18078 | Lair:2   | Reached XP level 13. HP: 107/107 MP: 22/26
 18268 | Lair:2   | Reached skill level 10 in Spellcasting
 18479 | Lair:2   | Found a hole to the Spider Nest.
 19422 | Lair:2   | Reached skill level 5 in Staves
 19522 | Lair:3   | Found a staircase to the Swamp.
 19522 | Lair:3   | Noticed Sonja
 19523 | Lair:3   | Killed Sonja
 19540 | Lair:3   | Offered knowledge of Irradiate by Vehumet.
 19576 | Lair:3   | Reached skill level 10 in Fire Magic
 19635 | Lair:3   | Found a frozen archway.
 19752 | IceCv    | Entered an ice cave
 20255 | IceCv    | Identified a scroll of acquirement
 20258 | IceCv    | Got a pair of scorched gloves
 20269 | IceCv    | Identified the +2 pair of gloves of Wariness {*Contam rPois MR++ rCorr} (You acquired it in an ice cave)
 20704 | IceCv    | Noticed a frost giant
 20846 | IceCv    | Killed a frost giant
 20945 | IceCv    | Got a shimmering marble ring
 20947 | IceCv    | Identified the ring "Fichux" {Fire rElec rPois Int-3 SInv} (You found it in an ice cave)
 21066 | Lair:3   | HP: 55/111 [poisoned by a spiny frog]
 21071 | Lair:3   | HP: 52/111 [poisoned by a spiny frog]
 21077 | Lair:3   | HP: 51/111 [poisoned by a spiny frog]
 21083 | Lair:3   | HP: 51/111 [poisoned by a spiny frog]
 21088 | Lair:3   | HP: 52/111 [poisoned by a spiny frog]
 21095 | Lair:3   | HP: 55/111 [poisoned by a spiny frog]
 21195 | Lair:3   | Noticed Snorg
 21202 | Lair:3   | Reached skill level 13 in Conjurations
 21206 | Lair:3   | Killed Snorg
 21206 | Lair:3   | Reached XP level 14. HP: 118/118 MP: 15/28
 21469 | Lair:3   | Reached skill level 1 in Evocations
 21853 | Lair:3   | Offered knowledge of Iron Shot by Vehumet.
 21861 | Lair:3   | Learned a level 6 spell: Iron Shot
 21911 | Lair:4   | Noticed Monsterracer's ghost (journeyman MfTm)
 22138 | Lair:4   | Noticed Nessos
 22140 | Lair:4   | Killed Nessos
 22486 | Lair:4   | HP: 54/118 [Monsterracer's ghost (12)]
 22493 | Lair:4   | HP: 35/118 [Monsterracer's ghost (11)]
 22505 | Lair:4   | HP: 36/118 [Monsterracer's ghost (7)]
 22508 | Lair:4   | HP: 17/118 [Monsterracer's ghost (21)]
 22513 | Lair:4   | HP: 19/177 [Monsterracer's ghost (9)]
 22523 | Lair:4   | HP: 12/177 [Monsterracer's ghost (11)]
 22535 | Lair:4   | HP: 11/118 [Monsterracer's ghost (2)]
 22538 | Lair:4   | HP: 3/118 [Monsterracer's ghost (20)]
 22538 | Lair:4   | Mangled by Monsterracer's ghost

Skill      XL: |  1  2  3  4  5  6  7  8  9 10 11 12 13 14 |
---------------+-------------------------------------------+-----
Conjurations   | 2 3 4 6 7 8 9 10 11 12 13 | 13.3
Spellcasting   | 4 5 6 7 8 9 10 | 10.9
Dodging        | 2 3 4 5 6 7 |  7.9
Fighting       | 2 3 4 5 6 8 9 |  9.3
Maces & Flails | 1 2 |  2.9
Polearms       | 1 4 6 7 8 |  8.0
Fire Magic     | 3 5 7 9 10 | 10.7
Staves         | 4 6 |  6.5
Evocations     | 2 |  2.2
Stealth        | |  1.7
Summonings     | |  1.0
Translocations | |  1.0

Action                   |  1- 3 |  4- 6 |  7- 9 | 10-12 | 13-15 || total
-------------------------+-------+-------+-------+-------+-------++-------
Melee: Unarmed           |    27 |       |       |       |       ||    27
       Tailslap          |     3 |     7 |    23 |    29 |    18 ||    80
       Dagger            |    10 |       |       |       |       ||    10
       Long sword        |     6 |    41 |       |       |       ||    47
       Whip              |       |       |    68 |       |       ||    68
       Trident           |       |       |   218 |   287 |    19 ||   524
       Staff             |       |       |       |    55 |   245 ||   300
 Cast: Magic Dart        |    78 |   132 |   347 |    20 |     2 ||   579
       Mephitic Cloud    |       |     4 |    18 |    21 |       ||    43
       Blink             |       |     3 |     1 |     9 |       ||    13
       Conjure Flame     |       |     2 |    17 |    33 |     8 ||    60
       Flame Tongue      |       |       |    23 |   422 |   127 ||   572
       Sticky Flame      |       |       |       |    54 |    66 ||   120
       Searing Ray       |       |       |       |    16 |     4 ||    20
       Fireball          |       |       |       |    19 |    38 ||    57
       Bolt of Fire      |       |       |       |     1 |    25 ||    26
       Iron Shot         |       |       |       |       |     4 ||     4
 Abil: Breathe Dispellin |       |       |       |       |     2 ||     2
Evoke: Wand              |       |       |       |     1 |     1 ||     2
  Use: Scroll            |       |     8 |    14 |    14 |     1 ||    37
       Potion            |       |       |     2 |       |     2 ||     4
 Stab: Confused          |       |     3 |     1 |     4 |       ||     8
       Sleeping          |       |     1 |     3 |       |       ||     4
  Eat: Chunk             |     3 |     6 |    25 |    27 |    24 ||    85
       Fruit             |       |       |     1 |     4 |     6 ||    11
Armor: Skin              |    13 |    19 |   150 |   208 |   119 ||   509
Dodge: Dodged            |    35 |    52 |   242 |   369 |   273 ||   971
       Rpst.: Long sword |       |    16 |       |       |       ||    16
